 Dungeon Crawl Stone Soup version 0.18.1-48-g4cf74bf (webtiles) character file.

17035 WarriorsX the Protected (level 12, -8/87 HPs)
             Began as a Human Fighter on July 31, 2016.
             Mangled by a freezing wraith (23 damage)
             ... led by a death knight
             ... on level 11 of the Dungeon.
             The game lasted 00:44:03 (14436 turns).

WarriorsX the Protected (Human Fighter)            Turns: 14436, Time: 00:44:05

Health: -8/87      AC: 15    Str: 19 (21) XL:     12   Next: 77%
Magic:  25/25      EV:  5    Int:  9      God:
Gold:   617        SH: 10    Dex: 13      Spells: 0 memorised, 11 levels left

rFire  + . .     SeeInvis .     x - +4 arc blade {discharge, rElec}
rCold  . . .     Gourm    +     N - +0 plate armour
rNeg   . . .     Faith    .     c - +0 shield
rPois  +         Spirit   .     o - +2 helmet
rElec  +         Dismiss  .     (no cloak)
rCorr  .         Reflect  .     (no gloves)
SustAt .         Harm     .     (no boots)
MR     +....                    s - amulet of the gourmand
Stlth  ..........               G - ring of poison resistance
                                l - ring of magical power

@: hasted, very quick, somewhat resistant to hostile enchantments, extremely
unstealthy
A: molten scales 1, deformed body, deterioration 1, fire resistance 1, frail 1,
magic resistance 1, screaming 1, shaggy fur 1, subdued magic 1
a: no special abilities


You were on level 11 of the Dungeon.
You were very full.

You visited 1 branch of the dungeon, and saw 12 of its levels.

You collected 695 gold pieces.
You spent 78 gold pieces at shops.

Inventory:

Hand Weapons
 a - a +1 long sword of flaming
 w - the +3 mace of the Weasel {freeze, rPois rF+++ Int+2 Stlth-}
   (You found it on level 5 of the Dungeon)

   It has been specially enchanted to freeze those struck by it, causing extra
   injury to most foes and up to half again as much damage against particularly
   susceptible opponents.
   It can also slow down cold-blooded creatures.
   It affects your intelligence (+2).
   It renders you almost immune to fire.
   It protects you from poison.
   It makes you less stealthy.
 x - the +4 arc blade (weapon) {discharge, rElec}
   (You found it on level 4 of the Dungeon)

   It insulates you from electricity.
Armour
 b - a +0 scale mail
 c - a +0 shield (worn)
 o - a +2 helmet (worn)
 J - a +0 pair of boots
 N - a +0 plate armour (worn)
Jewellery
 l - a ring of magical power (left hand)
 s - an amulet of the gourmand (around neck)
 u - an uncursed amulet of guardian spirit
 E - an uncursed ring of wizardry
 G - a ring of poison resistance (right hand)
 Q - an uncursed ring of magical power
Wands
 A - a wand of iceblast (14/15)
 H - a wand of teleportation (4/9)
 I - a wand of random effects (21/48)
 K - a wand of flame (11/48)
 M - a wand of flame (27/48)
Scrolls
 e - 3 scrolls of recharging
 h - 8 scrolls of remove curse
 i - 8 scrolls of enchant weapon
 j - 3 scrolls of teleportation
 k - 10 scrolls of identify
 q - 2 scrolls of amnesia
 S - 3 scrolls of acquirement {unknown}
Potions
 d - a potion of might
 r - a potion of flight
 z - 3 potions of curing
 D - a potion of agility
 F - 2 potions of ambrosia
 P - a potion of resistance
 R - a potion of invisibility
Books
 B - a book of Unlife

   Spells                             Type                      Level
   a - Recall                         Summoning/Translocation      3
   b - Animate Dead                   Necromancy                   4
   c - Control Undead                 Necromancy                   4
   d - Cigotuvi's Embrace             Necromancy                   5
   e - Death Channel                  Necromancy                   6
   f - Simulacrum                     Ice/Necromancy               6
 C - a book of Transfigurations

   Spells                             Type                      Level
   a - Irradiate                      Conjuration/Transmutation    5
   b - Statue Form                    Transmutation/Earth          6
   c - Hydra Form                     Transmutation                6
   d - Dragon Form                    Transmutation                7
 L - a book of Summonings

   Spells                             Type                      Level
   a - Recall                         Summoning/Translocation      3
   b - Aura of Abjuration             Summoning                    5
   c - Summon Demon                   Summoning                    5
   d - Summon Forest                  Summoning/Translocation      5
   e - Summon Mana Viper              Hexes/Summoning              5
   f - Shadow Creatures               Summoning                    6
Miscellaneous
 y - a plain deck of summoning
Comestibles
 f - 6 bread rations
 g - a beef jerky
 m - 10 slices of pizza
 p - 7 meat rations
 t - 2 royal jellies
 v - 14 fruits


   Skills:
 - Level 9.8 Fighting
 + Level 9.0(9.5) Short Blades
 - Level 4.6(7.4) Long Blades
 + Level 5.4 Maces & Flails
 - Level 11.0 Armour
 * Level 6.8 Shields
 - Level 6.0 Evocations


You had 11 spell levels left.
You didn't know any spells.

Dungeon Overview and Level Annotations

Branches:
Dungeon (12/15)            Temple (0/1) D:4            Lair (0/8) D:11
    Orc (0/2) D:11

Altars:
Ashenzari
Cheibriados
Dithmenos
Elyvilon
Makhleb
Nemelex Xobeh
Okawaru
Qazlal
Ru
Sif Muna
Trog
Vehumet
Xom
The Shining One
Beogh

Shops:
D:5 *:[

Annotations:
D:3 Ehlmo's ghost, amateur TrBe
D:9 exclusion: statue


Innate Abilities, Weirdness & Mutations

You are partially covered in molten scales (AC +1).
Armour fits poorly on your strangely shaped body.
Your body sometimes deteriorates upon taking damage.
Your flesh is heat resistant.
You are frail (-10% HP).
You are resistant to hostile enchantments.
You occasionally shout uncontrollably at your foes.
You are covered in fur (AC +1).
Your spells are a little easier to cast, but a little less powerful.


Message History

The freezing wraith hits you but does no damage.
You are too injured to fight recklessly!
You are too injured to fight recklessly!
You block the freezing wraith's attack. The freezing wraith hits you!
* * * LOW HITPOINT WARNING * * *
Your body deteriorates!
You feel weakened.
Drink which item? (? for menu, Esc to quit)
You feel much better. The freezing wraith hits you.
The freezing wraith freezes you!
* * * LOW HITPOINT WARNING * * *
Your body deteriorates!
You feel weakened. You block the freezing wraith's attack.
Drink which item? (? for menu, Esc to quit)
You feel yourself speed up.
You feel yourself speed up.
The freezing wraith hits you but does no damage.
The freezing wraith barely misses you. The freezing wraith hits you.
* * * LOW HITPOINT WARNING * * *
The freezing wraith freezes you!!
You die...

######'###### #...# ##..#
#.### #..## ##.#
###'##############..#
#...)...#.....#..#+######
#.......#≈....'..#......####
#.......#..P..'..#......'.##
#........≈....'..#....<.#.##
#.......#.W@..#(.#......#..'
#.......#≈.P≈P##'#......####
#.......#P≈≈≈≈#.)#......# #
#.......#PP≈P..).#......#
#########################


You could see a freezing wraith.

Vanquished Creatures
  A hydra (D:11)
  2 unseen horrors
  3 hill giants
  2 cyclopes
  A manticore (D:12)
  A gargoyle (D:11)
  2 komodo dragons (D:11)
  A freezing wraith (D:12)
  5 trolls
  A two-headed ogre (D:11)
  2 wyverns (D:9)
  8 yaks
  A wraith (D:12)
  2 hippogriffs
  A hungry ghost (D:10)
  Menkaure (D:4)
  Edmund (D:5)
  A mottled dragon (D:11)
  10 orc warriors
  A water moccasin (D:8)
  2 sky beasts
  Duvessa (D:6)
  2 ice beasts
  A swamp drake (D:11)
  A wasp (D:7)
  An eye of draining (D:12)
  A black bear (D:10)
  8 ogres
  A phantom (D:8)
  6 centaurs
  2 crocodiles (D:11)
  3 big kobolds (D:11)
  8 giant frogs
  A gnoll sergeant (D:7)
  Dowan (D:6)
  7 scorpions
  10 killer bees
  4 wights (D:10)
  6 crimson imps
  A giant frog zombie (D:12)
  3 hounds
  4 centaur zombies
  5 jellies
  A gnoll shaman (D:4)
  7 orc priests
  19 orc wizards
  Jessica (D:2)
  2 centaur skeletons
  5 iguanas
  5 worker ants
  4 sheep (D:11)
  A hound zombie (D:7)
  A hound skeleton (D:4)
  Robin (D:4)
  A worker ant zombie (D:5)
  19 gnolls
  11 adders
  A howler monkey skeleton (D:9)
  6 shadow imps
  2 oozes
  An adder zombie (D:6)
  3 adder skeletons
  A worm (D:3)
  A dart slug (D:4)
  A giant gecko (D:8)
  36 orcs
  6 bats
  3 giant cockroaches
  12 goblins
  7 hobgoblins
  4 jackals (D:6)
  A quokka (D:10)
  A ball python skeleton (D:4)
  A giant gecko skeleton (D:5)
  3 giant newts
  10 kobolds
  3 rats
  A fungus (D:1)
308 creatures vanquished.

Vanquished Creatures (others)
  A plant (D:6)
1 creature vanquished.

Grand Total: 309 creatures vanquished

Notes
Turn   | Place    | Note
--------------------------------------------------------------
     0 | D:1      | WarriorsX the Human Fighter began the quest for the Orb.
     0 | D:1      | Reached XP level 1. HP: 18/18 MP: 1/1
    51 | D:1      | Reached XP level 2. HP: 16/24 MP: 2/2
   707 | D:1      | Reached XP level 3. HP: 29/29 MP: 3/3
   870 | D:2      | Found a stormy altar of Qazlal.
  1002 | D:2      | Noticed Jessica
  1010 | D:2      | Killed Jessica
  1010 | D:2      | Reached XP level 4. HP: 36/37 MP: 4/4
  1538 | D:3      | Noticed Ehlmo's ghost (amateur TrBe)
  1959 | D:3      | Reached XP level 5. HP: 38/43 MP: 5/5
  2044 | D:3      | Noticed a giant frog
  2055 | D:3      | Killed a giant frog
  2055 | D:3      | Reached skill level 5 in Fighting
  2097 | D:3      | Reached XP level 6. HP: 44/51 MP: 6/6
  2260 | D:3      | Found a white marble altar of Elyvilon.
  2266 | D:3      | Found a bloodstained altar of Trog.
  2771 | D:4      | Noticed Robin
  2794 | D:4      | Killed Robin
  2794 | D:4      | Reached skill level 1 in Short Blades
  3258 | D:4      | Reached XP level 7. HP: 50/56 MP: 7/7
  3260 | D:4      | Found a staircase to the Ecumenical Temple.
  3487 | D:4      | Found a sparkling altar of Nemelex Xobeh.
  3577 | D:4      | Gained mutation: Your flesh is heat resistant. [potion of mutation]
  3577 | D:4      | Gained mutation: You are partially covered in molten scales (AC +1). [potion of mutation]
  3577 | D:4      | Lost mutation: Your flesh is heat resistant. [potion of mutation]
  3813 | D:4      | Noticed Menkaure
  3817 | D:4      | Killed Menkaure
  3958 | D:5      | Entered Level 5 of the Dungeon
  3958 | D:5      | Found Meceawn's Book Boutique.
  4033 | D:5      | Got a twisted mace
  4038 | D:5      | Found Ytiwyu Tuse's Assorted Antiques.
  4044 | D:5      | Bought a scroll labeled OSHRU WUM MIEL for 26 gold pieces
  4044 | D:5      | Bought a scroll labeled OSHRU WUM MIEL for 26 gold pieces
  4044 | D:5      | Bought a scroll labeled OSHRU WUM MIEL for 26 gold pieces
  4049 | D:5      | Identified the +3 mace of the Weasel {freeze, rPois rF+++ Int+2 Stlth-} (You found it on level 5 of the Dungeon)
  4050 | D:5      | Found a deep blue altar of Sif Muna.
  4065 | D:5      | Reached XP level 8. HP: 63/65 MP: 8/8
  4083 | D:5      | Noticed Edmund
  4087 | D:5      | Killed Edmund
  4087 | D:5      | Reached skill level 5 in Short Blades
  4244 | D:5      | Found a radiant altar of Vehumet.
  4447 | D:5      | Found Xamen's Armour Shoppe.
  4753 | D:6      | HP: 3/67 [orc warrior/dire flail (5)]
  5061 | D:6      | Found a burning altar of Makhleb.
  5226 | D:6      | Found a shattered altar of Ashenzari.
  5228 | D:6      | Reached XP level 9. HP: 69/72 MP: 9/9
  5250 | D:6      | Found a glowing golden altar of the Shining One.
  5454 | D:6      | Reached skill level 5 in Maces & Flails
  5487 | D:7      | Noticed Dowan
  5489 | D:7      | Noticed Duvessa
  5503 | D:6      | Killed Duvessa
  5510 | D:6      | Killed Dowan
  5510 | D:6      | Reached skill level 4 in Armour
  5741 | D:7      | Reached skill level 5 in Armour
  5869 | D:7      | Found an iron altar of Okawaru.
  6151 | D:7      | Reached skill level 6 in Armour
  6237 | D:7      | Reached skill level 7 in Armour
  6240 | D:7      | Reached skill level 8 in Armour
  6240 | D:7      | Reached XP level 10. HP: 67/79 MP: 10/10
  6472 | D:7      | Reached skill level 9 in Armour
  6719 | D:8      | Reached skill level 10 in Armour
  6780 | D:8      | Gained mutation: Your movements are slightly less encumbered by armour (ER -2). [mutagenic meat]
  6781 | D:8      | Gained mutation: You occasionally shout uncontrollably at your foes. [mutagenic meat]
  6782 | D:8      | Gained mutation: Your spells are a little easier to cast, but a little less powerful. [mutagenic meat]
  6783 | D:8      | Gained mutation: Your muscles are strong. (Str +2) [mutagenic meat]
  6784 | D:8      | Gained mutation: You are resistant to hostile enchantments. [mutagenic meat]
  6785 | D:8      | Gained mutation: You are frail (-10% HP). [mutagenic meat]
  6815 | D:8      | Found a shimmering altar of Xom.
  6876 | D:8      | Found a snail-covered altar of Cheibriados.
  7880 | D:9      | Found a sacrificial altar of Ru.
  7884 | D:9      | Reached skill level 11 in Armour
  7951 | D:9      | Found a radiant altar of Vehumet.
  8149 | D:9      | Lost mutation: Your movements are slightly less encumbered by armour (ER -2). [potion of mutation]
  8149 | D:9      | Gained mutation: Your body sometimes deteriorates upon taking damage. [potion of mutation]
  8149 | D:9      | Lost mutation: Your muscles are strong. (Str +2) [potion of mutation]
  8150 | D:9      | Gained mutation: Armour fits poorly on your strangely shaped body. [potion of mutation]
  8184 | D:9      | Reached XP level 11. HP: 73/76 MP: 11/11
  8412 | D:9      | Found a shadowy altar of Dithmenos.
  8680 | D:10     | Entered Level 10 of the Dungeon
  9329 | D:10     | Killed an unseen horror
  9408 | D:10     | Noticed a hill giant
  9411 | D:10     | HP: 3/78 [hill giant/giant spiked club (24)]
  9778 | D:9      | Gained mutation: Your flesh is heat resistant. [mutagenic meat]
  9779 | D:9      | Gained mutation: You are covered in fur (AC +1). [mutagenic meat]
  9888 | D:10     | Noticed a hill giant
  9890 | D:10     | Killed a hill giant
 10866 | D:11     | Reached skill level 1 in Evocations
 10876 | D:11     | Found a staircase to the Orcish Mines.
 11002 | D:11     | Found a roughly hewn altar of Beogh.
 11725 | D:11     | Noticed a cyclops
 11746 | D:11     | Killed a cyclops
 12002 | D:11     | Reached skill level 5 in Evocations
 12311 | D:11     | Found a staircase to the Lair.
 12423 | D:11     | Reached XP level 12. HP: 82/87 MP: 16/16
 12494 | D:11     | Noticed a three-headed hydra
 12510 | D:11     | Killed a three-headed hydra
 13165 | D:11     | Killed an unseen horror
 13270 | D:12     | Reached skill level 5 in Shields
 14394 | D:12     | Noticed a death knight
 14436 | D:11     | Mangled by a freezing wraith

Skill      XL: |  1  2  3  4  5  6  7  8  9 10 11 12 |
---------------+-------------------------------------+-----
Fighting       | 4 5 6 7 9 |  9.8
Long Blades    | 3 4 |  4.6
Short Blades   | 3 4 5 7 9 |  9.0
Maces & Flails | 4 5 |  5.4
Armour         | 8 11 | 11.0
Evocations     | 5 6 |  6.0
Shields        | 6 |  6.8

Action                   |  1- 3 |  4- 6 |  7- 9 | 10-12 || total
-------------------------+-------+-------+-------+-------++-------
Melee: Long sword        |    74 |   129 |       |       ||   203
       Rapier            |       |    75 |   225 |   619 ||   919
       Mace              |       |       |       |    12 ||    12
Evoke: Wand              |       |       |       |     9 ||     9
  Use: Potion            |       |     4 |     5 |     9 ||    18
       Scroll            |       |       |     9 |    12 ||    21
 Stab: Paralysed         |       |       |       |     1 ||     1
  Eat: Chunk             |       |    16 |    10 |    59 ||    85
Armor: Scale mail        |    25 |    82 |    88 |   163 ||   358
       Plate armour      |       |       |       |   125 ||   125
Dodge: Dodged            |    15 |    48 |    47 |   156 ||   266
Block: Shield            |    27 |   107 |    80 |   271 ||   485
